 Dungeon Crawl Stone Soup version 0.26.0-10-g1f06aea511 (webtiles) character file.

Game seed: 12684651312712331950

137 Borgoz the Ducker (level 5, -4/45 HPs)
             Began as a Ghoul Gladiator on Jan 15, 2021.
             Slain by a phantom (8 damage)
             ... on level 4 of the Dungeon.
             The game lasted 00:03:20 (2112 turns).

Borgoz the Ducker (Ghoul Gladiator)                 Turns: 2112, Time: 00:03:21

Health: -4/45      AC:  8    Str: 18    XL:     5   Next: 20%
Magic:  4/4        EV: 11    Int:  3    God:
Gold:   122        SH:  0    Dex: 11    Spells: 4/4 levels left

rFire    . . .     SeeInvis .   u - +4 falchion
rCold    + . .     Faith    .   (no shield)
rNeg     + + +     Spirit   .   j - +0 scale mail
rPois    ∞         Reflect  .   l - +2 hat
rElec    .         Harm     .   (no cloak)
rCorr    .         Rampage  .   (no gloves)
Will     .....                  (no boots)
Stlth    +.........             e - amulet of the acrobat
HPRegen  0.00/turn              n - ring of stealth
MPRegen  0.09/turn              (no ring)

@: no status effects
A: claws 1, cold resistance 1, negative energy resistance 3, inhibited
regeneration, torment resistance, unbreathing
a: no special abilities


You were on level 4 of the Dungeon.
You visited 1 branch of the dungeon, and saw 5 of its levels.

You collected 122 gold pieces.

Inventory:

Hand Weapons
 a - a +0 long sword
 u - a +4 falchion (weapon)
Missiles
 d - a throwing net (quivered)
Armour
 j - a +0 scale mail (worn)
 l - a +2 hat (worn)
Jewellery
 e - an amulet of the acrobat (around neck)
 n - a ring of stealth (left claw)
Wands
 q - a wand of polymorph (15)
Scrolls
 c - a scroll of identify
 g - a scroll of fear {unknown}
 h - a scroll of enchant weapon {unknown}
 k - a scroll of remove curse {unknown}
 o - 3 scrolls of blinking {unknown}
 p - 2 scrolls of immolation {unknown}
 s - a scroll of noise {unknown}
Potions
 b - a potion of might
 f - a potion of invisibility
 m - 2 potions of cancellation
 r - a potion of haste {unknown}
 t - a potion of heal wounds {unknown}


   Skills:
 + Level 3.3 Fighting
 + Level 3.4 Long Blades
 - Level 1.7 Throwing
 + Level 1.9 Armour
 + Level 3.5 Dodging


You had 4 spell levels left.
You didn't know any spells.
Your spell library was empty.

Dungeon Overview and Level Annotations

Branches:
Dungeon (5/15)
 Temple: D:4-7

Altars:
Nemelex Xobeh


Innate Abilities, Weirdness & Mutations

You thrive by killing the living.
You are immune to poison.
You have sharp fingernails.
Your flesh is cold resistant. (rC+)
You are immune to negative energy. (rN+++)
You do not regenerate when monsters are visible.
You are immune to unholy pain and torment.
You can survive without breathing.


Message History

The orc wizard is severely wounded.
The orc wizard completely misses you. The phantom hits you.
* * * LOW HITPOINT WARNING * * *
The orc wizard closely misses you.
You feel better.
The orc wizard hits you with a +1 vampiric dagger.
* * * LOW HITPOINT WARNING * * *
The phantom misses you.
You riposte.
You slash the phantom!
The phantom is severely damaged.
You hit the orc wizard.
The orc wizard is almost dead.
The orc wizard closely misses you. The phantom barely misses you.
The orc wizard points at you and mumbles some strange words.
The puff of flame hits you.
* * * LOW HITPOINT WARNING * * *
You closely miss the orc wizard.
The orc wizard is almost dead.
The orc wizard hits you but does no damage.
The phantom hits you!
You die...

........ .........
........
.....#.####.#.#(.#.
#...........#.#..#.
#..........##....#.
#...............#..
#...........#.#....
#..)........#......
#.@W............#..
####o.........#.###..
#.......#.#####§###..
....................#...
......######.####.....##
....## ###...# #.....#
###. #....## #..#### #
#......# #..# ###......
.....


You could see a phantom and an orc wizard (fast).

Vanquished Creatures
  A scorpion (D:4)
  Robin (D:2)
  2 oozes
  A worm (D:2)
  A dart slug (D:1)
  A leopard gecko (D:2)
  3 orcs
  A ball python (D:1)
  4 bats
  4 giant cockroaches
  12 goblins
  9 hobgoblins
  A quokka (D:2)
  5 frilled lizards
  5 kobolds
  8 rats
59 creatures vanquished.

Notes
Turn   | Place    | Note
-------+----------+-------------------------------------------
     0 | D:1      | Borgoz the Ghoul Gladiator began the quest for the Orb.
     0 | D:1      | Reached XP level 1. HP: 17/17 MP: 0/0
   282 | D:1      | Reached XP level 2. HP: 25/25 MP: 1/1
   744 | D:2      | Reached XP level 3. HP: 30/30 MP: 2/2
   753 | D:2      | Noticed Robin
   764 | D:2      | Reached skill level 1 in Armour
   780 | D:2      | Killed Robin
   943 | D:2      | Reached XP level 4. HP: 37/37 MP: 3/3
  1451 | D:3      | Found a faded altar of an unknown god.
  1619 | D:3      | Found a sparkling altar of Nemelex Xobeh.
  1665 | D:3      | You fall into a shaft and drop 1 floor!
  1706 | D:4      | Reached XP level 5. HP: 12/45 MP: 4/4
  1712 | D:4      | Noticed a phantom
  1733 | D:5      | Entered Level 5 of the Dungeon
  2112 | D:4      | Slain by a phantom

Illustrated notes

Levels and vault maps discovered:
D:1:      giann_bridges, layout_basic
D:2:      layout_basic, uniq_robin
D:3:      layout_basic, overflow_temple_1_default,
          chequers_ecumenical_altar_simple
D:4:      layout_rooms, minmay_temple_entry_hall, serial_shops, shop,
          hangedman_decor_points, nicolae_ru_awakened_eye
D:5:      cheibrodos_thug_alley, layout_basic, basic_altar, serial_shops,
          nicolae_shop_competitors_out_of_business, st_stairs_2,
          chequers_arboretum, uniq_blork_the_orc

Skill      XL: |  1  2  3  4 |
---------------+-------------+-----
Dodging        | 3 |  3.5
Long Blades    | 3 |  3.4
Armour         | 1 |  1.9
Fighting       | 3 |  3.3
Throwing       | |  1.7

Action                   |  1- 3 |  4- 6 || total
-------------------------+-------+-------++-------
Melee: Long sword        |   118 |    63 ||   181
       Falchion          |       |    16 ||    16
Throw: Throwing net      |       |     3 ||     3
  Use: Scroll            |     3 |     1 ||     4
       Potion            |       |     2 ||     2
 Stab: Held in net/web   |       |     1 ||     1
Armor: Leather armour    |    12 |       ||    12
       Scale mail        |    46 |    39 ||    85
Dodge: Dodged            |    76 |    60 ||   136
       Rpst.: Long sword |    23 |    11 ||    34
       Falchion          |       |     4 ||     4
